 Dungeon Crawl Stone Soup version 0.18-a0-97-g9c2abca (webtiles) character file.

27332 Holeefuk the Bewitcher (level 13, -41/100 HPs)
             Began as a Vampire Enchanter on Nov 14, 2015.
             Killed from afar by a fire dragon (44 damage)
             ... with a blast of flame
             ... on level 12 of the Dungeon.
             The game lasted 02:06:44 (23516 turns).

Holeefuk the Bewitcher (Vampire Enchanter)         Turns: 23516, Time: 02:06:44

Health: -41/100    AC: 11    Str:  7    XL:     13   Next: 3%
Magic:  11/17      EV: 18    Int: 22    God:
Gold:   1464       SH:  3    Dex: 15    Spells: 5 memorised, 3 levels left

rFire  . . .     SeeInvis +     d - +2 dagger (venom)
rCold  + + .     Clarity  .     T - +2 leather armour {rPois}
rNeg   + + +     SustAt   .     D - +0 buckler
rPois  +         Gourm    .     (no helmet)
rElec  .         Spirit   .     g - +1 cloak
rCorr  +         Warding  .     (no gloves)
rMut   .         Stasis   .     (no boots)
MR     +....                    H - amulet of resist corrosion
Stlth  ++++++++..               G - +4 ring of protection
                                U - +3 ring of evasion

@: regenerating slowly, somewhat resistant to hostile enchantments,
extraordinarily stealthy
A: fangs 3, see invisible, unbreathing
a: Bat Form


You were on level 12 of the Dungeon.
You were near bloodless.

You visited 3 branches of the dungeon, and saw 17 of its levels.
You also visited: Ice Cave.

You collected 1560 gold pieces.
You spent 96 gold pieces at shops.

Inventory:

Hand Weapons
 d - a +2 dagger of venom (weapon)
 z - a +1 antimagic dagger
Missiles
 n - 14 stones (quivered)
Armour
 g - a +1 cloak (worn)
 D - a +0 buckler (worn)
 T - a +2 leather armour of poison resistance (worn)
Jewellery
 r - a +2 ring of evasion
 A - an uncursed ring of teleportation
 G - a +4 ring of protection (right hand)
 H - an amulet of resist corrosion (around neck)
 P - the amulet "Moomyl" {+Rage Int+6 Dex-5}
   (You found it on level 10 of the Dungeon)

   [amulet of rage]

   It affects your intelligence (+6).
   It affects your dexterity (-5).
   It lets you go berserk.
 U - a +3 ring of evasion (left hand)
Wands
 l - a wand of draining (6)
 m - a wand of draining (8)
 B - a wand of paralysis (23)
 M - a wand of fire (4)
 Q - a wand of confusion (17)
 S - a wand of random effects (12)
 V - a wand of cold (10)
 W - a wand of random effects (7)
Scrolls
 b - 2 scrolls of remove curse
 f - 2 scrolls of teleportation
 i - 5 scrolls of amnesia
 j - 2 scrolls of enchant armour
 k - 10 scrolls of identify
 u - 4 scrolls of recharging
 C - a scroll of summoning {unknown}
 F - 2 scrolls of acquirement
 K - 4 scrolls of enchant weapon
 X - a scroll of blinking
Potions
 a - 2 potions of haste
 e - 3 potions of heal wounds
 h - a potion of magic {unknown}
 o - 10 potions of curing
 q - 4 potions of blood
 s - 4 potions of might
 w - a potion of ambrosia {unknown}
 x - a potion of cure mutation {unknown}
 I - 2 potions of flight
 L - 2 potions of brilliance
 R - 4 potions of agility
Books
 c - a book of Maledictions

   Spells                             Type                      Level
   a - Corona                         Hexes                        1
   b - Ensorcelled Hibernation        Hexes/Ice                    2
   c - Confuse                        Hexes                        3
   d - Tukima's Dance                 Hexes                        3
   e - Dazzling Spray                 Conjuration/Hexes            3
 p - a book of Callings

   Spells                             Type                      Level
   a - Summon Small Mammal            Summoning                    1
   b - Call Imp                       Summoning                    2
   c - Call Canine Familiar           Summoning                    3
   d - Summon Guardian Golem          Hexes/Summoning              3
   e - Summon Lightning Spire         Summoning/Air                4
   f - Summon Ice Beast               Ice/Summoning                4
 t - a book of Burglary

   Spells                             Type                      Level
   a - Swiftness                      Charms/Air                   2
   b - Passwall                       Transmutation/Earth          3
   c - Passage of Golubria            Translocation                4
   d - Lee's Rapid Deconstruction     Earth                        5
   e - Darkness                       Hexes                        6
   f - Invisibility                   Hexes                        6
 v - a book of Air

   Spells                             Type                      Level
   a - Shock                          Conjuration/Air              1
   b - Swiftness                      Charms/Air                   2
   c - Repel Missiles                 Charms/Air                   2
   d - Static Discharge               Conjuration/Air              3
   e - Lightning Bolt                 Conjuration/Air              5
 y - a Necronomicon

   Spells                             Type                      Level
   a - Haunt                          Necromancy/Summoning         7
   b - Borgnjor's Revivification      Necromancy                   8
   c - Death's Door                   Charms/Necromancy            8
   d - Necromutation                  Transmutation/Necromancy     8
 E - a book of Beasts

   Spells                             Type                      Level
   a - Summon Butterflies             Summoning                    1
   b - Call Canine Familiar           Summoning                    3
   c - Summon Ice Beast               Ice/Summoning                4
   d - Summon Mana Viper              Hexes/Summoning              5
   e - Summon Hydra                   Summoning                    7
 O - a book of Dreams

   Spells                             Type                      Level
   a - Ensorcelled Hibernation        Hexes/Ice                    2
   b - Phase Shift                    Translocation                5
   c - Shadow Creatures               Summoning                    5
   d - Silence                        Hexes/Air                    5
   e - Darkness                       Hexes                        6
   f - Mass Confusion                 Hexes                        6
Miscellaneous
 J - a sack of spiders
 N - a lamp of fire


   Skills:
 - Level 8.9 Fighting
 - Level 7.0 Short Blades
 - Level 8.0 Dodging
 - Level 15.9 Stealth
 - Level 3.0 Spellcasting
 * Level 18.7 Hexes


You had 3 spell levels left.
You knew the following spells:

 Your Spells              Type           Power        Failure   Level  Hunger
a - Corona                Hex            ######.      0%          1    None
b - Ensorcelled Hibernat  Hex/Ice        #####.       1%          2    ##.....
c - Tukima's Dance        Hex            ######..     1%          3    ###....
d - Confuse               Hex            ######..     1%          3    ###....
e - Mass Confusion        Hex            ######....   1%          6    #######


Dungeon Overview and Level Annotations

Branches:
Dungeon (13/15)            Temple (1/1) D:7            Lair (3/8) D:9
    Orc (0/4) D:9
  Swamp: Lair:3-6    Shoals: Lair:3-6     Snake: Lair:3-6    Spider: Lair:3-6
 Vaults: D:13-14

Altars:
Ashenzari
Cheibriados
Dithmenos
Elyvilon
Fedhas
Gozag
Kikubaaqudgha
Makhleb
Nemelex Xobeh
Qazlal
Ru
Sif Muna
Trog
Vehumet
Xom
Yredelemnul
Zin
The Shining One
Beogh

Shops:
D:12 !

Annotations:
D:12 Fannar


Innate Abilities, Weirdness & Mutations

You heal slowly.
You have razor-sharp teeth.
You have supernaturally acute eyesight.
You can survive without breathing.


Message History

Press: ? - help, Shift-Dir - straight line, f/p - skeletal warrior
Aim: a skeletal warrior, wielding a hand axe (chance to defeat MR: 17%)
The skeletal warrior resists with almost no effort.
The skeletal warrior hits you with a hand axe!!
* * * LOW HITPOINT WARNING * * *
Casting: Confuse
Confirm with . or Enter, or press ? or * to list all spells.
Aiming: Confuse
Press: ? - help, Shift-Dir - straight line, f/p - skeletal warrior
Aim: a skeletal warrior, wielding a hand axe (chance to defeat MR: 17%)
The skeletal warrior resists with almost no effort.
The skeletal warrior hits you but does no damage.
There is a stone staircase leading up here.
You feel better.
There is an open door here.
The skeletal warrior hits you with a hand axe!
* * * LOW HITPOINT WARNING * * *
The fire dragon breathes flames at you. The blast of flame hits you!
You die...

###.##.##.###.#......## #
....##.##.# #.#......# #
######.##.###.######.# # ##
#.)....<.# ##'## ### .#
####.##### ##...## ####.. .# #.##
##..D..## #.%... .# ###..##
##.......## #.#>.#
.######.....####.......[.###....#
...............'@.z......'.......
(#####......####.........##.....#
.# ##?....# ##.......####.#.#. .#
#.....# ##.....## #....# .##
#.##### ##...## #.#.## #.# #.#
##'## #..... .## ##.## #.# ###.##
## #...####### #<# #.#
#.........# ###.##### #.#


You could see a fire dragon and a skeletal warrior.

Vanquished Creatures
  Erolcha (D:11)
  A hydra (D:11)
  2 ice dragons (IceCv)
  2 centaur warriors (D:13)
  Urug (D:10)
  2 unseen horrors
  3 hill giants
  A cyclops (D:11)
  An ugly thing (D:9)
  Psyche (D:9)
  3 gargoyles
  3 centaur skeletons
  An efreet (D:12)
  A komodo dragon (Lair:3)
  A deep elf mage (D:9)
  3 wyverns
  3 wraiths
  18 yaks
  A hippogriff (D:9)
  4 hungry ghosts
  3 wolves
  5 vampire mosquitoes
  2 soldier ants (D:9)
  4 porcupines
  3 water moccasins
  6 orc warriors
  4 black bears
  5 sky beasts
  An eye of draining (D:8)
  25 ice beasts
  A wasp (D:12)
  A spider (D:9)
  4 crocodiles
  2 phantoms
  14 centaurs
  7 ogres
  2 big kobolds
  8 giant frogs
  2 brain worms (D:12)
  A wyvern zombie (D:11)
  A wyvern skeleton (D:9)
  3 scorpions
  22 killer bees
  A water moccasin skeleton (D:5)
  A quasit (D:7)
  A giant frog zombie (D:6)
  4 crimson imps
  4 giant frog skeletons
  2 gnoll shamans
  9 iguanas
  11 orc priests
  A hound (D:6)
  3 jellies
  Jessica (D:2)
  14 orc wizards
  Natasha (D:2)
  A killer bee zombie (D:11)
  16 worker ants
  A human simulacrum (D:9)
  2 hound skeletons
  18 river rats
  4 gnolls (D:9)
  A shadow imp (D:6)
  20 adders
  An ooze (D:2)
  A worm (D:2)
  An adder skeleton (D:6)
  54 orcs
  8 goblins
  9 hobgoblins
  16 kobolds
  2 quokkas
  2 ball pythons
  9 bats
  7 giant cockroaches
  5 giant geckos
  A giant gecko skeleton (D:6)
  A giant gecko zombie (D:5)
  8 giant newts
  7 jackals
  A quokka skeleton (D:6)
  A quokka zombie (D:5)
  4 rats
433 creatures vanquished.

Vanquished Creatures (collateral kills)
  Grum (D:9)
  3 orc warriors
  2 orcs (D:9)
6 creatures vanquished.

Vanquished Creatures (others)
  2 vampire mosquitoes (D:12)
  An orc wizard (D:9)
  A human simulacrum (D:9)
  2 gnolls (D:9)
  An orc (D:9)
7 creatures vanquished.

Grand Total: 446 creatures vanquished

Notes
Turn   | Place    | Note
--------------------------------------------------------------
     0 | D:1      | Holeefuk the Vampire Enchanter began the quest for the Orb.
     0 | D:1      | Reached XP level 1. HP: 13/13 MP: 3/3
   224 | D:1      | Reached XP level 2. HP: 19/19 MP: 5/5
   706 | D:2      | Reached XP level 3. HP: 24/24 MP: 6/6
   982 | D:2      | Noticed Natasha
  1004 | D:1      | Learned a level 2 spell: Ensorcelled Hibernation
  1008 | D:1      | Learned a level 3 spell: Tukima's Dance
  1222 | D:2      | Killed Natasha
  1222 | D:2      | Reached skill level 1 in Fighting
  1222 | D:2      | Reached XP level 4. HP: 2/33 MP: 4/7
  1747 | D:2      | Noticed Jessica
  1796 | D:2      | Killed Jessica
  2172 | D:3      | Found a shadowy altar of Dithmenos.
  2319 | D:3      | Reached XP level 5. HP: 41/41 MP: 6/8
  2366 | D:3      | Found a shimmering altar of Xom.
  2730 | D:4      | Reached skill level 5 in Stealth
  3019 | D:4      | Noticed an ogre
  3023 | D:4      | Killed an ogre
  3023 | D:4      | Reached skill level 7 in Stealth
  3059 | D:4      | Reached XP level 6. HP: 24/47 MP: 0/9
  3256 | D:4      | Found a deep blue altar of Sif Muna.
  3411 | D:4      | Reached skill level 5 in Hexes
  3521 | D:5      | Entered Level 5 of the Dungeon
  3567 | D:5      | Found an ancient bone altar of Kikubaaqudgha.
  3654 | D:5      | Learned a level 3 spell: Confuse
  3926 | D:5      | Reached skill level 8 in Hexes
  3926 | D:5      | Reached XP level 7. HP: 52/52 MP: 3/10
  4965 | D:6      | Reached skill level 9 in Hexes
  5076 | D:6      | Found a glowing golden altar of the Shining One.
  5101 | D:6      | Found a blossoming altar of Fedhas.
  5149 | D:6      | Reached skill level 10 in Hexes
  5547 | D:6      | Reached XP level 8. HP: 21/58 MP: 11/11
  6009 | D:7      | Reached skill level 5 in Dodging
  6059 | D:7      | Got an encrusted leather armour
  6070 | D:7      | Identified the cursed +0 leather armour of the Slorg {+Fly rF+} (You found it on level 7 of the Dungeon)
  6087 | D:7      | Found a staircase to the Ecumenical Temple.
  6106 | Temple   | Entered the Ecumenical Temple
  6679 | D:7      | Found a radiant altar of Vehumet.
  6679 | D:7      | Found a sacrificial altar of Ru.
  6942 | D:7      | Found a snail-covered altar of Cheibriados.
  7162 | D:4      | Identified Sif Muna's Almanac of the Rocks (You found it on level 4 of the Dungeon)
  7703 | D:8      | Reached XP level 9. HP: 62/64 MP: 12/12
  8185 | D:9      | Noticed Psyche
  8209 | D:9      | Noticed Grum
  9883 | D:9      | Killed Grum
  9883 | D:9      | Reached skill level 10 in Stealth
 10036 | D:9      | Reached skill level 11 in Stealth
 10547 | D:9      | Found a staircase to the Lair.
 10595 | D:9      | HP: 1/67 [orc priest/divine providence (15)]
 10740 | D:8      | Reached skill level 5 in Short Blades
 11198 | D:9      | Reached XP level 10. HP: 38/73 MP: 11/13
 11210 | D:9      | Found a white marble altar of Elyvilon.
 11328 | D:9      | Found a staircase to the Orcish Mines.
 11700 | D:9      | Killed Psyche
 11833 | D:9      | Reached skill level 12 in Hexes
 12031 | D:10     | Entered Level 10 of the Dungeon
 12152 | Lair:1   | Entered Level 1 of the Lair of Beasts
 12207 | Lair:1   | Reached skill level 13 in Hexes
 12361 | Lair:1   | Noticed a black mamba
 12987 | D:10     | Noticed a hill giant
 13022 | D:9      | Noticed a cyan ugly thing
 13039 | D:9      | Reached skill level 14 in Hexes
 13437 | D:9      | Killed a cyan ugly thing
 13707 | D:10     | Got a flickering bronze amulet
 13708 | D:10     | Identified the amulet "Moomyl" {+Rage Int+6 Dex-5} (You found it on level 10 of the Dungeon)
 13748 | D:10     | Killed a hill giant
 13748 | D:10     | Reached skill level 15 in Hexes
 13850 | D:10     | Noticed Urug
 13865 | D:10     | Killed Urug
 13865 | D:10     | Reached XP level 11. HP: 78/78 MP: 14/14
 14690 | Lair:2   | Reached skill level 5 in Fighting
 15422 | Lair:3   | Noticed a four-headed hydra
 15624 | Lair:3   | Found a frozen archway.
 15976 | IceCv    | Entered an ice cave
 18009 | IceCv    | Noticed an ice dragon
 18076 | IceCv    | Noticed an ice dragon
 18324 | IceCv    | Killed an ice dragon
 18348 | IceCv    | Killed an ice dragon
 18600 | Lair:3   | Noticed a six-headed hydra
 18894 | D:11     | Noticed Erolcha
 18907 | D:10     | Learned a level 6 spell: Mass Confusion
 19202 | D:11     | Noticed a hill giant
 19252 | D:11     | Killed a hill giant
 19296 | D:11     | Reached XP level 12. HP: 90/94 MP: 6/16
 20110 | D:12     | Noticed Fannar
 20489 | D:12     | Found a roughly hewn altar of Beogh.
 20548 | D:12     | Reached skill level 15 in Stealth
 20780 | D:12     | Noticed a fire dragon
 20933 | D:12     | Found Begaq's Distillery.
 21044 | D:11     | Noticed a seven-headed hydra
 21256 | D:11     | Killed a seven-headed hydra
 21256 | D:11     | Reached skill level 16 in Hexes
 21603 | D:11     | Killed Erolcha
 21753 | D:12     | Bought a potion of might for 48 gold pieces
 21753 | D:12     | Bought a potion of might for 48 gold pieces
 22003 | D:12     | Reached skill level 17 in Hexes
 22374 | D:13     | Noticed a centaur warrior
 22382 | D:13     | Killed a centaur warrior
 22888 | D:12     | Reached skill level 18 in Hexes
 22958 | D:13     | Noticed a centaur warrior
 22979 | D:13     | Found an ancient bone altar of Kikubaaqudgha.
 23092 | D:13     | Killed a centaur warrior
 23152 | D:13     | Reached XP level 13. HP: 84/100 MP: 2/17
 23160 | D:13     | Identified 2 scrolls of acquirement
 23501 | D:12     | HP: 2/100 [skeletal warrior/hand axe (19)]
 23513 | D:12     | HP: 2/100 [skeletal warrior/hand axe (11)]
 23516 | D:12     | Killed from afar by a fire dragon

Vault maps used:
D:1:      shiori_shiawase
D:2:      uniq_jessica, uniq_natasha
D:3:      marbit_many_paths, nicolae_overflow_hidden_temple, old_standard_altar,
          first_bread
D:4:      led_sif_book
D:5:      kiku_gazebo_garden_becter, kennysheep_generic_room_5
D:6:      tso_oasis_becter, fedhas_altar_3
D:7:      kennysheep_little_box, amethyst_overflow_temple_binary,
          minmay_temple_entry_overgrown
D:9:      overflow_temple_1_default, lair_0_dummy, david_orc_4,
          hangedman_pestilent_swarm, bh_circular_ruins, uniq_psyche, uniq_grum
D:10:     enter_bailey_3, uniq_urug
D:11:     uniq_erolcha
D:12:     special_room, serial_shops, kennysheep_mini_moat, uniq_fannar
D:13:     grunt_vaults_entry_tiered, basic_altar
Temple:   jpeg_temple_clearing_9
Lair:1:   grunt_forest_large_clearings
Lair:3:   portal_ice_cave_entry_ice_beasts, serial_bayou_shore_b,
          infiniplex_staircase_pool
IceCv:    ice_cave_small_dragons

Action                   |  1- 3 |  4- 6 |  7- 9 | 10-12 | 13-15 || total
-------------------------+-------+-------+-------+-------+-------++-------
Melee: Dagger            |    92 |   111 |   475 |  1013 |    29 ||  1720
Throw: Stone             |       |     2 |     1 |     7 |       ||    10
 Cast: Corona            |    18 |    13 |    56 |    84 |     5 ||   176
       Ensorcelled Hiber |       |    23 |    79 |   150 |     4 ||   256
       Tukima's Dance    |       |       |     7 |     3 |       ||    10
       Confuse           |       |       |       |    86 |     6 ||    92
       Mass Confusion    |       |       |       |     2 |       ||     2
 Abil: Evoke Teleportati |       |       |     2 |       |       ||     2
       Evoke Flight      |       |       |     1 |       |       ||     1
       End Transformatio |       |       |       |     1 |       ||     1
       Bat Form          |       |       |       |     1 |       ||     1
Evoke: Wand              |       |       |       |     2 |       ||     2
  Use: Potion            |       |     4 |    14 |    15 |     1 ||    34
       Scroll            |       |       |    15 |    10 |     1 ||    26
 Stab: Sleeping          |    14 |    26 |    56 |   119 |     3 ||   218
       Distracted        |       |       |     3 |     5 |     1 ||     9
       Confused          |       |       |       |    56 |       ||    56
  Eat: Corpse            |       |       |       |     6 |       ||     6
